 Dungeon Crawl Stone Soup version 0.18.1-8-gdd0e5ea (webtiles) character file.

907 deorigin the Grappler (level 7, -10/62 HPs)
             Began as a Troll Warper on May 29, 2016.
             Was a Follower of Okawaru.
             Mangled by a decayed bog body (20 damage)
             ... in an ossuary.
             The game lasted 00:07:42 (3292 turns).

deorigin the Grappler (Troll Warper)                Turns: 3292, Time: 00:07:42

Health: -10/62     AC:  5    Str: 20    XL:     7   Next: 81%
Magic:  7/7        EV: 10    Int: 10    God:    Okawaru [*.....]
Gold:   213        SH:  0    Dex: 10    Spells: 3 memorised, 2 levels left

rFire  . . .     SeeInvis .       - Unarmed
rCold  . . .     Gourm    +     a - +0 robe
rNeg   . . .     Faith    .     (no shield)
rPois  .         Spirit   .     (helmet restricted)
rElec  .         Dismiss  .     (no cloak)
rCorr  .         Reflect  .     (gloves unavailable)
SustAt .         Harm     .     (boots unavailable)
MR     .....                    (no amulet)
Stlth  +.........               (no ring)
                                (no ring)

@: not resistant to hostile enchantments, very unstealthy
A: unfitting armour, claws 3, fast metabolism 3, gourmand, regeneration 2,
shaggy fur 1, tough skin 2
a: Heroism, Renounce Religion


You were in an ossuary.
You worshipped Okawaru.
Okawaru was aware of your devotion.
You were not hungry.

You visited 2 branches of the dungeon, and saw 6 of its levels.
You also visited: Ossuary.

You collected 213 gold pieces.

Inventory:

Hand Weapons
 g - a +0 war axe of draining
Missiles
 d - 5 tomahawks of dispersal (quivered)
 k - 2 throwing nets
 m - 53 poisoned needles
Armour
 a - a +0 robe (worn)
Jewellery
 i - an uncursed amulet of harm
Scrolls
 c - a scroll of blinking
 j - 2 scrolls of teleportation
 l - a scroll of amnesia
 n - a scroll of fog
 o - 3 scrolls of remove curse
 p - 3 scrolls of enchant weapon {unknown}
 s - 2 scrolls of noise {unknown}
 x - a scroll of random uselessness {unknown}
Potions
 e - 6 potions of curing
 q - a potion of invisibility {unknown}
 u - 2 potions of lignification {unknown}
 v - a potion of resistance {unknown}
 w - a potion of ambrosia {unknown}
Books
 b - a book of Spatial Translocations

   Spells                             Type                      Level
   a - Apportation                    Translocation                1
   b - Blink                          Translocation                2
   c - Shroud of Golubria             Charms/Translocation         2
   d - Portal Projectile              Translocation                3
   e - Teleport Other                 Translocation                3
   f - Passage of Golubria            Translocation                4
 r - a book of Flames

   Spells                             Type                      Level
   a - Flame Tongue                   Conjuration/Fire             1
   b - Throw Flame                    Conjuration/Fire             2
   c - Conjure Flame                  Conjuration/Fire             3
   d - Inner Flame                    Hexes/Fire                   3
   e - Sticky Flame                   Conjuration/Fire             4
   f - Fireball                       Conjuration/Fire             5
Comestibles
 f - 6 bread rations
 h - a royal jelly
 t - 5 fruits


   Skills:
 - Level 1.5 Fighting
 - Level 0.8 Throwing
 - Level 1.9 Dodging
 + Level 9.2 Unarmed Combat
 - Level 1.2 Spellcasting
 - Level 2.1 Translocations


You had 2 spell levels left.
You knew the following spells:

 Your Spells              Type           Power        Failure   Level  Hunger
a - Apportation           Tloc           #.........   14%         1    ##.....
b - Blink                 Tloc           N/A          21%         2    ###....
c - Portal Projectile     Tloc           #.....       38%         3    ####...


Dungeon Overview and Level Annotations

Branches:
Dungeon (5/15)             Temple (1/1) D:5

Altars:
Ashenzari
Dithmenos
Fedhas
Gozag
Kikubaaqudgha
Makhleb
Okawaru
Pakellas
Qazlal
Sif Muna
Yredelemnul
Zin


Innate Abilities, Weirdness & Mutations

You are too large for most types of armour.
You have claws for hands.
Your metabolism is lightning-fast.
You like to eat raw meat.
You heal very quickly.
You are covered in fur (AC +1).
You have very tough skin (AC +2).


Message History

A mummy comes into view. 2 mummies come into view.
Found 2 scrolls labeled MYUZONLAKU and a scroll of identify.
You scratch the killer bee zombie. The killer bee zombie hits you.
You barely miss the killer bee zombie. The killer bee zombie hits you.
The mummy hits you!
The killer bee zombie hits you but does no damage.
You claw the killer bee zombie! The killer bee zombie hits you.
A decayed bog body comes into view.
You claw the killer bee zombie!
You destroy the killer bee zombie!
Okawaru accepts your kill. The mummy hits you but does no damage.
The decayed bog body hits you!!
* * * LOW HITPOINT WARNING * * *
The decayed bog body closely misses you.
You barely miss the decayed bog body. The mummy hits you!
* * * LOW HITPOINT WARNING * * *
The decayed bog body hits you!!
You die...

#≈≈## +.# #.≈.# #.+
'≈≈≈# +.# #MZ.#
##.# #.# ##.≈M '.+
'.' ≈..
###.#####.#####n###
#.'.#..∩#.#!?!#@'.#
###.'.∩.#.#???M.###
#.'.#...#.#???#.'.#
###.#####.#####†###
#.'.............'.#
###'#'#'#'#'#'#+###
#.#.#.#.#.#.#
#############


You could see a decayed bog body, 3 mummies and a jackal zombie.

Vanquished Creatures
  The ghost of deorigin the Charmwright, an amateur MfIE of Fedhas (D:4)
  A big kobold (D:4)
  A water moccasin zombie (Ossuary)
  A bog body (Ossuary)
  A crimson imp (D:5)
  A centaur zombie (Ossuary)
  3 giant frog zombies
  A giant frog skeleton (D:4)
  3 orc wizards (D:4)
  A worker ant (D:4)
  A killer bee zombie (Ossuary)
  2 hound zombies (Ossuary)
  7 mummies (Ossuary)
  3 worker ant zombies (Ossuary)
  4 adders
  A shadow imp (D:4)
  2 oozes
  An adder zombie (Ossuary)
  4 worms
  3 dart slugs
  4 giant geckos
  5 orcs (D:4)
  2 ball pythons
  7 bats
  9 giant cockroaches
  9 goblins
  9 hobgoblins
  5 jackals (D:1)
  A quokka (D:3)
  A giant cockroach zombie (Ossuary)
  6 giant newts
  5 kobolds
  7 rats
112 creatures vanquished.

Vanquished Creatures (others)
  2 withered plants (Ossuary)
2 creatures vanquished.

Grand Total: 114 creatures vanquished

Notes
Turn   | Place    | Note
--------------------------------------------------------------
     0 | D:1      | deorigin the Troll Warper began the quest for the Orb.
     0 | D:1      | Reached XP level 1. HP: 19/19 MP: 1/1
    94 | D:1      | Reached XP level 2. HP: 22/27 MP: 2/2
   104 | D:1      | Reached skill level 3 in Unarmed Combat
   375 | D:1      | Reached XP level 3. HP: 25/33 MP: 3/3
  1089 | D:2      | Found a shattered altar of Ashenzari.
  1089 | D:2      | Found a basalt altar of Yredelemnul.
  1170 | D:2      | Found an ancient bone altar of Kikubaaqudgha.
  1247 | D:2      | Reached skill level 4 in Unarmed Combat
  1467 | D:2      | Reached XP level 4. HP: 34/41 MP: 4/4
  1692 | D:3      | Found a faded altar to an unknown god.
  1756 | D:3      | Reached skill level 5 in Unarmed Combat
  2074 | D:4      | Noticed deorigin's ghost (amateur MfIE)
  2092 | D:4      | HP: 2/41 [deorigin's ghost (4)]
  2094 | D:4      | Killed deorigin's ghost
  2094 | D:4      | Reached skill level 6 in Unarmed Combat
  2094 | D:4      | Reached XP level 5. HP: 8/48 MP: 5/5
  2228 | D:4      | Reached XP level 6. HP: 52/55 MP: 6/6
  2241 | D:4      | Reached skill level 7 in Unarmed Combat
  2252 | D:4      | Learned a level 2 spell: Blink
  2256 | D:4      | Learned a level 3 spell: Portal Projectile
  2859 | D:5      | Entered Level 5 of the Dungeon
  2859 | D:5      | Found a staircase to the Ecumenical Temple.
  2889 | D:5      | Reached XP level 7. HP: 62/62 MP: 7/7
  2927 | Temple   | Entered the Ecumenical Temple
  3057 | Temple   | Became a worshipper of Warmaster Okawaru
  3098 | D:5      | Found a sand-covered staircase.
  3110 | Ossuary  | Entered an ossuary
  3136 | Ossuary  | Reached skill level 8 in Unarmed Combat
  3267 | Ossuary  | Reached skill level 9 in Unarmed Combat
  3272 | Ossuary  | Reached * piety under Okawaru
  3292 | Ossuary  | Mangled by a decayed bog body

Skill      XL: |  1  2  3  4  5  6  7 |
---------------+----------------------+-----
Unarmed Combat | 3 4 6 7 9 |  9.2
Fighting       | |  1.5
Throwing       | |  0.8
Dodging        | |  1.9
Spellcasting   | |  1.2
Translocations | |  2.1

Action                   |  1- 3 |  4- 6 |  7- 9 || total
-------------------------+-------+-------+-------++-------
Melee: Unarmed           |   124 |   135 |    72 ||   331
       Punch             |       |     2 |       ||     2
  Use: Scroll            |     5 |     1 |       ||     6
       Potion            |       |     1 |       ||     1
  Eat: Chunk             |    19 |    11 |       ||    30
Armor: Robe              |    46 |    43 |    14 ||   103
Dodge: Dodged            |    66 |    52 |    22 ||   140
